Tolliver Groat, neutral female gnomish Tourist --- ------- ---- ---- | --- -- | ---- -- -- --- ----- --- | | | | -- | -- --- -----.-| G -- | | | --- ----- | --- --......| ------ -- | |- | | - --- -- | -- -- | |.o.o... | -----| | --- | -- --> -- | -- -- -- |.oo..------ --- | | | --- || | | ------ --- -- ---@...| | |--- -- | | |-- -- -- | | | ---.d.d..-- | -| || | | | ---- --- | ------- | | ---.........| --- -- | ---| | ---| | | | -- ------ ------...o.h...`.| --- ---- |-- | | ---| | | --- --| ...........-----| -- | -- | |- | | | |-- | ------------......F... | | | - | --- | | --- --- | | -- ---..d..----- G -- -- < -- | | | | --- --- | --..--- -- -- | | --- | | ----- -- -| ---- | -- --- -- | | | || -- | | -- | -- -- -- -- | || | --- -- | -| | --- |- | ---------- --- ---- ---- --- |--- | | --- --- | | | -- ---- ---- Tolliver Groat the Sightseer Experience level: 5 Strength: 12 Dexterity: 10 Constitution: 13 Intelligence: 15 Wisdom: 12 Charisma: 14 Health: 0(31) Energy: 19(19) Def: 0 Gold: 0 Moves: 3527 Dungeon seed: MsPukTqCLGbPki9X Game ID: Tolliver Groat_1529438646 Your Inventory: Amulets u - an uncursed amulet of ESP (being worn) Weapons a - 33 uncursed +2 darts (in quiver) h - 2 uncursed corroded +2 darts q - an uncursed +2 aklys (weapon in hand) Armor m - an uncursed +0 Hawaiian shirt (being worn) r - an uncursed +0 leather jacket y - an uncursed +0 studded leather armor Comestibles b - an uncursed apple d - 2 uncursed cream pies g - 5 uncursed food rations i - 2 uncursed tripe rations Scrolls B - an uncursed scroll of scare monster Wands o - an uncursed wand of secret door detection (0:15) x - an uncursed wand of enlightenment (0:13) L - an uncursed wand of enlightenment (0:11) Tools e - an uncursed credit card n - an uncursed expensive camera (0:85) p - an uncursed oil lamp (0:1397) w - an uncursed bag of holding Contents of the bag of holding: 1000 gold pieces a [blessed] scroll of confuse monster a [uncursed] scroll of destroy armor 2 [uncursed] scrolls of enchant armor a [uncursed] scroll of identify 2 [uncursed] scrolls of light a blessed scroll of magic mapping 2 uncursed scrolls of magic mapping 2 [uncursed] scrolls of scare monster a [uncursed] scroll of teleportation a [uncursed] spellbook of magic missile a [uncursed] potion of blindness 2 uncursed potions of extra healing a [uncursed] potion of full healing a [blessed] potion of object detection a [blessed] potion of paralysis a [uncursed] potion of water Spells and supernatural/magical abilities: Name Level Category Fail Memory W - pray for help -- divine ? -- Your skills at the end: Miscellaneous Skills wands [Basic] stealth [Basic] Weapon Skills club [Basic] dart [Basic] Spellcasting Skills Final Attributes: You were devoutly aligned. You were cold resistant. Your writing hand was ok. You were telepathic. You had infravision. You were stealthy. You are dead. Vanquished creatures: a leprechaun a blue jelly a dust vortex a bugbear 2 fog clouds a gray ooze a puppy a floating eye 2 homunculi a kobold lord a centipede a jitterbug a gas spore a large kobold 4 geckos 3 hobgoblins 3 giant rats a brown mold a yellow mold a green mold a red mold 4 jackals 6 newts 2 goblins 2 sewer rats 3 grid bugs 47 creatures vanquished. Voluntary challenges: You did not cause conflict. You were not invisible. You did not have reflection. You were not displaced. You used a wielded weapon 70 times, starting on turn 54. You did not apply a unicorn horn. You did not use plumbed fixtures. You did not drink any magical draughts. You read items or engraved 2 times, starting on turn 1097. You never genocided any monsters. You never polymorphed an object. You never changed form. You used no wishes. You never split a pudding. You wrote Elbereth's name 1 time, starting on turn 1097. You never violated your personal moral code. Dungeon overview: The Dungeons of Doom: levels 1 to 7 Level 1 a long staircase Level 2 Level 3 Level 4 a fountain stairs to The Gnomish Mines Level 5 some fountains Level 6 a fountain Level 7 a fountain The Gnomish Mines: levels 5 to 8 Level 5 stairs to The Dungeons of Doom Level 8 <- You were here History has recorded: On T:1 you entered the Dungeons of Doom to retrieve the Amulet of Yendor! On T:228 you reached level 2 of The Dungeons of Doom. On T:542 you reached level 3 of The Dungeons of Doom. On T:607 you advanced to experience level 2. On T:910 you reached level 4 of The Dungeons of Doom. On T:971 you advanced to experience level 3. On T:1094 you prayed to The Lady. On T:1431 you advanced to experience level 4. On T:1654 you reached level 5 of The Dungeons of Doom. On T:2068 you reached level 6 of The Dungeons of Doom. On T:2099 you advanced to experience level 5. On T:2874 you reached level 7 of The Dungeons of Doom. On T:3263 you reached level 1 of The Gnomish Mines. On T:3521 you reached level 4 of The Gnomish Mines. Score breakdown: Gold: 869 ( 86 points) Experience: 5 levels ( 400 points) Exploration: 8 levels ( 210 points) Discoveries: 15 items ( 750 points) Variety of kills: 26 monsters ( 1300 points) Major goal: (nothing yet) ( 0 points) Survival: died (score multiplied by 3) Total score: 8238 Latest messages: i - an uncursed tripe ration. You step onto a level teleport trap! You are momentarily blinded by a flash of light. k - an uncursed scroll of magic mapping. As you read the scroll, it disappears. A map coalesces in your mind! The goblin wields a crude dagger! The crude dagger welds itself to the goblin's hand! The wolf bites! (4x) The hill orc wields a curved sword! B - a scroll called scare monster. The wolf bites! (2x) You die... Final status: Aloha Tolliver Groat the Tourist, killed by a wolf... You died in The Gnomish Mines on dungeon level 8 with 8238 points, and 1000 pieces of gold, after 3527 moves. You were level 5 with a maximum of 31 hit points when you died.